 Dungeon Crawl Stone Soup version 0.22-a0-445-g8c8ef71 (webtiles) character file.

1387 Gorglomux the Shield-Bearer (level 8, -2/75 HPs)
             Began as a Deep Dwarf Fighter on June 2, 2018.
             Was an Initiate of Makhleb.
             Slain by an orc warrior
             ... wielding a +0 war axe
              (8 damage)
             ... on level 7 of the Dungeon.
             The game lasted 00:02:43 (2591 turns).

Gorglomux the Shield-Bearer (Deep Dwarf Fighter)    Turns: 2591, Time: 00:02:44

Health: -2/75      AC:  9    Str: 22    XL:     8   Next: 40%
Magic:  3/3        EV:  8    Int:  9    God:    Makhleb [......]
Gold:   166        SH: 10    Dex: 12    Spells: 7/7 levels left

rFire    . . .     SeeInvis .   a - +1 war axe
rCold    . . .     Gourm    .   c - +0 shield
rNeg     . . .     Faith    .   b - +0 scale mail
rPois    .         Spirit   .   (no helmet)
rElec    .         Reflect  .   (no cloak)
rCorr    .         Harm     .   L - +0 pair of gloves
MR       +....                  (no boots)
Stlth    ..........             (no amulet)
HPRegen  0.00/turn              (no ring)
MPRegen  0.08/turn              (no ring)

@: non-regenerating
A: damage resistance, heal wounds, sense surroundings 1, no regeneration
a: Heal Wounds, Renounce Religion


You were on level 7 of the Dungeon.
You worshipped Makhleb.
Makhleb was noncommittal.
You were not hungry.

You visited 2 branches of the dungeon, and saw 8 of its levels.

You collected 166 gold pieces.

Inventory:

Hand Weapons
 a - a +1 war axe (weapon)
Armour
 b - a +0 scale mail (worn)
 c - a +0 shield (worn)
 L - a +0 pair of gloves (worn)
Jewellery
 v - an uncursed amulet of magic regeneration
Wands
 I - a wand of iceblast (7)
Scrolls
 i - 5 scrolls of amnesia
 w - a scroll of remove curse
 J - a scroll of random uselessness
 M - a scroll of fog {unknown}
Potions
 d - 2 potions of might
 j - a potion of heal wounds
 l - a potion of haste
 n - 2 potions of resistance
 u - a potion of cancellation {unknown}
 Q - 5 potions of curing
Comestibles
 f - 8 rations
 R - 2 chunks of flesh


   Skills:
 + Level 5.4 Fighting
 + Level 6.0 Axes
 + Level 6.5 Armour
 + Level 6.5 Shields


You had 7 spell levels left.
You didn't know any spells.
Your spell library contained the following spells:

 Spells                   Type           Power        Failure   Level  Hunger
 Magic Dart               Conj           #...         96%         1    ##.....
 Conjure Flame            Conj/Fire      #.......     100%        3    ####...
 Slow                     Hex            #.......     99%         2    ###....
 Mephitic Cloud           Conj/Pois/Air  #.......     100%        3    ####...
 Blink                    Tloc           N/A          99%         2    ###....
 Call Imp                 Summ           #.......     99%         2    ###....
 Stone Arrow              Conj/Erth      #.....       100%        3    ####...
 Passwall                 Tmut/Erth      #.......     99%         2    ###....
 Lee's Rapid Deconstruct  Erth           #.........   100%        5    ######.
 Sandblast                Erth           #.....       96%         1    ##.....
 Petrify                  Tmut/Erth      #.......     100%        4    #####..


Dungeon Overview and Level Annotations

Branches:
Dungeon (7/15)             Temple (1/1) D:6

Altars:
Cheibriados
Elyvilon
Makhleb
Okawaru
Ru
Sif Muna
Trog
Wu Jian
Yredelemnul
Zin
The Shining One

Shops:
D:4 }   D:6 :

Annotations:
D:6 Gorglomux's ghost, novice DDFi


Innate Abilities, Weirdness & Mutations

You are resistant to damage.
You can heal yourself by infusing magical energy.
You passively map a small area around you.
You do not regenerate.


Message History

Unknown command!
You closely miss the orc warrior!
The orc warrior is heavily wounded!
You slice the orc wizard like a ripe choko!!!
The butt wizard hits you but does no damage!
You block the orc warrior's attack!
The orc wizard hits you but does no damage!
You cut the orc wizard but do no butt!
The orc wizard butts almost dead!
You closely miss the orc warrior!
The orc warrior hits you with a war axe!!!!!! * * * don'butt die
* * * You block the orc wizard's attack!
Unknown command!
You open the orc wizard like a pillowcase!!!
You annihilate the orc wizard!!!
Makhleb roars: ANNIHILATED!
You butt the orc warrior into pieces!
The orc warrior hits you with a war axe!!! rip

, * #.####.#.#
* * #.......[#
###..###.### *
....* #.# ,
*#.####.####.#
, *
#...........#
*
#..###.######
#.....#
#@###....#
#.o)o# ,....#
#...Z.#,
*#.... #..##..
.... * * ....
... #.. , ,
##.. .... , ..
, ##, .... , ,
, , ...... , ,


You could see an orc warrior, an orc and a howler monkey skeleton.

Vanquished Creatures
  Menkaure (D:6)
  An ice beast (D:7)
  A phantom (D:6)
  2 ogres (D:5)
  The ghost of crawlian the Insei, an amateur OpTm (D:3)
  A bullfrog (D:6)
  2 howler monkeys
  5 crimson imps
  A bullfrog skeleton (D:7)
  An orc priest (D:5)
  4 orc wizards
  4 worker ants
  An iguana (D:7)
  A worker ant zombie (D:3)
  12 gnolls
  5 adders
  An ooze (D:3)
  2 worms (D:2)
  2 dart slugs
  2 leopard geckos
  19 orcs
  4 bats (D:3)
  2 giant cockroaches (D:2)
  2 hobgoblins (D:3)
  3 jackals (D:5)
  2 quokkas
  A frilled lizard (D:2)
  2 goblins
  2 kobolds
  A quokka zombie (D:5)
  3 rats
91 creatures vanquished.

Notes
Turn   | Place    | Note
-------+----------+-------------------------------------------
     0 | D:1      | Gorglomux the Deep Dwarf Fighter began the quest for the Orb.
     0 | D:1      | Reached XP level 1. HP: 20/20 MP: 1/1
    64 | D:2      | Reached XP level 2. HP: 20/27 MP: 2/2
   103 | D:2      | Reached skill level 3 in Fighting
   173 | D:3      | Noticed a howler monkey
   177 | D:3      | Killed a howler monkey
   177 | D:3      | Reached skill level 3 in Axes
   177 | D:3      | Reached XP level 3. HP: 26/34 MP: 3/3
   186 | D:3      | Reached XP level 4. HP: 33/42 MP: 4/4
   371 | D:3      | Found a sacrificial altar of Ru.
   463 | D:3      | Noticed crawlian's ghost (amateur OpTm)
   485 | D:3      | Killed crawlian's ghost
   485 | D:3      | Reached XP level 5. HP: 20/50 MP: 4/4
   711 | D:4      | Reached XP level 6. HP: 39/57 MP: 5/5
   897 | D:4      | Found a white marble altar of Elyvilon.
  1273 | D:4      | Found Bobe's Gadget Emporium.
  1280 | D:5      | Entered Level 5 of the Dungeon
  1404 | D:5      | Reached XP level 7. HP: 14/66 MP: 5/5
  1844 | D:6      | Found Miuret's Book Boutique.
  1874 | D:6      | Reached skill level 6 in Armour
  1874 | D:6      | Reached skill level 6 in Shields
  1887 | D:6      | Reached XP level 8. HP: 26/74 MP: 4/4
  2043 | D:6      | Found a basalt altar of Yredelemnul.
  2204 | D:6      | Found a staircase to the Ecumenical Temple.
  2205 | D:6      | Noticed Menkaure
  2217 | D:6      | Killed Menkaure
  2219 | D:6      | Noticed Gorglomux's ghost (novice DDFi)
  2221 | Temple   | Entered the Ecumenical Temple
  2311 | Temple   | Became a worshipper of Makhleb the Destroyer
  2385 | D:7      | Found a deep blue altar of Sif Muna.
  2398 | D:7      | Found a glowing silver altar of Zin.
  2400 | D:7      | Found an iron altar of Okawaru.
  2500 | D:7      | Reached skill level 6 in Axes
  2591 | D:7      | Slain by an orc warrior

Vault maps used:
D:1:      lemuel_arrival_broad_hall
D:2:      hex_tiny, minmay_misc_feat_diagonals
D:3:      old_standard_altar, first_ration
D:4:      overflow_temple_1_default, serial_shops, kennysheep_little_box
D:6:      yredelemnul_altar_generic, minmay_temple_entry_statues_fountains,
          serial_shops, shop, uniq_crazy_yiuf_cottage, uniq_menkaure
D:7:      grunt_temple_overflow_open, hangedman_abyss_or_decor_stabs,
          minmay_unpleasant_kobolds, uniq_joseph
Temple:   nicolae_temple_figure_zero

Skill      XL: |  1  2  3  4  5  6  7  8 |
---------------+-------------------------+-----
Fighting       | 3 4 5 |  5.4
Axes           | 3 4 5 6 |  6.0
Armour         | 4 5 6 |  6.5
Shields        | 4 5 6 |  6.5

Action                   |  1- 3 |  4- 6 |  7- 9 || total
-------------------------+-------+-------+-------++-------
Melee: War axe           |    64 |   173 |   204 ||   441
 Abil: Heal Wounds       |     1 |     6 |     9 ||    16
  Use: Scroll            |       |     2 |     9 ||    11
  Eat: Chunk             |       |     2 |     5 ||     7
Armor: Scale mail        |    22 |   101 |    85 ||   208
Dodge: Dodged            |    16 |    61 |    58 ||   135
Block: Shield            |    39 |   120 |   122 ||   281

Table legend:
 A = Spawn XP
 B = Non-spawn XP
 C = Spawn XP percentage of total XP
 D = Spawn monster count
 E = Non-spawn monster count
 F = Spawn count percentage of total count
 G = Total turns spent on level
                    A         B        C        D         E        F      G
               +---------+---------+-------+---------+---------+-------+---------
         Total |       0 |    1982 |   0.0 |       0 |      91 |   0.0 |  2591
               +---------+---------+-------+---------+---------+-------+---------
           D:1 |       0 |       1 |   0.0 |       0 |       1 |   0.0 |    34
           D:2 |       0 |      33 |   0.0 |       0 |       9 |   0.0 |   139
           D:3 |       0 |     289 |   0.0 |       0 |      25 |   0.0 |   479
           D:4 |       0 |     159 |   0.0 |       0 |       6 |   0.0 |   628
           D:5 |       0 |     668 |   0.0 |       0 |      30 |   0.0 |   540
           D:6 |       0 |     573 |   0.0 |       0 |      14 |   0.0 |   437
           D:7 |       0 |     259 |   0.0 |       0 |       6 |   0.0 |   221
               +---------+---------+-------+---------+---------+-------+---------
